cohdb
Replays
Latest Replays
All Replays
Popular Replays
Top Player Replays
Match Explorer
How It Works
Community
CoH3 Stats
Reddit
Sign in to upload your games and track your stats! →
Sign in with Steam
Match 45956681
Unlisted
Match 45956681
Overview
Messages
Build Orders
End
Engineer Squad
Selects Special Operations Battlegroup
Selects M29 Weasel Recon Vehicle
M29 Weasel Recon Vehicle
Construct Weapon Support Center
M1919 Machine Gun Team
M1919 Machine Gun Team
Infantry Support Center
Selects Raiding Flares
Selects Raiding Flares
M3 Armored Personnel Carrier
M3 Armored Personnel Carrier
็็็็็็็็็็
Anilasabyss
솔플전사 김찬희
Duffman™
DebaKLeTV
Boop
0
0
Comments
sign in to comment!
No comments posted yet!